 Dungeon Crawl Stone Soup version 0.30-a0-389-g8d7d949 (webtiles) character file.

Game seed: 10182106712953390271

1523 BarneyGumball the Grappler (level 8, -1/61 HPs)
             Began as a Ghoul Gladiator on Dec 3, 2022.
             Was a Follower of Makhleb.
             Slain by a wight
             ... wielding a +3 battleaxe of freezing
              (2 damage)
             ... on level 7 of the Dungeon.
             The game lasted 00:20:21 (6415 turns).

BarneyGumball the Grappler (Ghoul Gladiator)        Turns: 6415, Time: 00:20:21

Health: -1/61      AC:  7    Str: 20    XL:     8   Next: 84%
Magic:  0/10       EV: 11    Int:  3    God:    Makhleb [*.....]
Gold:   297        SH:  0    Dex: 10    Spells: 7/7 levels left

rFire   . . .      SeeInvis .      - Unarmed
rCold   + . .      Faith    .    (no shield)
rNeg    + + +      Spirit   +    g - +0 ring mail
rPois   ∞          Reflect  .    b - +0 helmet
rElec   .          Harm     .    (no cloak)
rCorr   .          Rampage  .    (no gloves)
Will    .....                    (no boots)
Stlth   +.........               q - amulet of Feamaq {Spirit Stlth+}
HPRegen 0.00/turn                (no ring)
MPRegen 0.12/turn                (no ring)

@: flying, inhibited regen
A: claws 1, cold resistance 1, negative energy resistance 3, inhibited
regeneration, torment resistance 2, devour on kill
a: Renounce Religion


You were on level 7 of the Dungeon.
You worshipped Makhleb.
Makhleb was aware of your devotion.
You visited 2 branches of the dungeon, and saw 8 of its levels.

You collected 297 gold pieces.

Inventory:

Missiles
 d - 5 javelins (quivered)
 n - 6 poisoned darts
Armour
 a - a +0 leather armour
 b - a +0 helmet (worn)
 g - a +0 ring mail (worn)
Jewellery
 o - the macabre finger necklace {rN+}
   (You found it on level 3 of the Dungeon)

   [amulet of nothing]

   It enables you to equip an extra ring.
   rN:        It protects you from negative energy.
 q - the amulet of Feamaq (around neck) {Spirit Stlth+}
   (You found it on level 6 of the Dungeon)

   [amulet of guardian spirit]

   It causes incoming damage to be divided between your reserves of health and
   magic.
   Stlth:     It makes you more stealthy.
Wands
 t - a wand of flame (32)
Scrolls
 h - 4 scrolls of butterflies
 k - 7 scrolls of teleportation
 p - a scroll of poison {unknown}
 r - a scroll of immolation {unknown}
Potions
 c - a potion of berserk rage {unknown}
 e - 4 potions of curing
 f - a potion of flight
 i - a potion of mutation
 j - a potion of magic
 l - 4 potions of attraction
 m - 2 potions of degeneration
 s - a potion of heal wounds {unknown}
 u - a potion of ambrosia {unknown}
 v - a potion of haste {unknown}


   Skills:
 - Level 2.1 Fighting
 - Level 1.7 Throwing
 + Level 4.8 Armour
 - Level 2.6 Dodging
 * Level 9.3 Unarmed Combat
 + Level 4.8 Invocations


You had 7 spell levels left.
You didn't know any spells.
Your spell library contained the following spells:

 Spells                   Type           Power      Damage    Failure   Level
 Cigotuvi's Dreadful Rot  Necr/Pois/Air  0%         N/A       83%         2
 Poisonous Vapours        Pois/Air       0%         N/A       83%         2
 Mephitic Cloud           Conj/Pois/Air  0%         N/A       96%         3
 Irradiate                Conj/Tmut      0%         3d11      100%        5
 Blade Hands              Tmut           Unusable   N/A       N/A         5
 Dragon Form              Tmut           Unusable   N/A       N/A         7

Dungeon Overview and Level Annotations

Branches:
Dungeon (7/15)             Temple (1/1) D:4

Altars:
Cheibriados
Dithmenos
Fedhas
Hepliaklqana
Kikubaaqudgha
Makhleb
Nemelex Xobeh
Okawaru
Qazlal
Sif Muna
Trog
Uskayaw
Vehumet
Wu Jian
Xom
Yredelemnul

Shops:
D:5 (

Annotations:
Temple 2 transporters


Innate Abilities, Weirdness & Mutations

You are immune to poison.
You have sharp fingernails.
Your flesh is cold resistant. (rC+)
You are immune to negative energy. (rN+++)
You do not regenerate when monsters are visible.
You are immune to unholy pain and torment.
You thrive by killing the living.


Message History

You destroy the wight!
Makhleb accepts your kill.
You scratch the wight.
The wight is lightly damaged.
The wight hits you with a +5 mace!
You scratch the wight.
The wight is moderately damaged.
You claw the wight!
You destroy the wight!
Makhleb accepts your kill.
You hear the quick hiss of an avalanche of sand nearby.
A wight comes into view.
It is wielding a +3 battleaxe of freezing.
You start resting.
A wight is nearby!
You barely miss the wight. Your claw misses the wight.
The wight hits you with a +3 battleaxe of freezing!
The wight freezes you.
You scratch the wight.
The wight is lightly damaged.
The wight hits you with a +3 battleaxe of freezing!
The wight freezes you.
You claw the wight!
The wight is heavily damaged.
The wight hits you with a +3 battleaxe of freezing!
The wight freezes you.
You scratch the wight but do no damage.
The wight is heavily damaged.
The wight hits you with a +3 battleaxe of freezing!
* * * LOW HITPOINT WARNING * * *
The wight freezes you.
* * * LOW HITPOINT WARNING * * *
Okay, then.
Okay, then.
It was a potion of flight.
You feel very buoyant.
You fly up into the air.
The wight hits you with a +3 battleaxe of freezing!
* * * LOW HITPOINT WARNING * * *
The wight freezes you.
You die...

#.# #.#####....# #.#
#...<...# #.#####.#####
#.......# .# ####.#.## .#
# . #.#.# .#.# .
#.#.############ .#.##
.###.#.##........z###....
.......##.######@#.#..#
.###.####.# #...###)..#
.##...###.###.## #.#.(#
.#.###.#......#
#.#......$# ...#
#....##### #.#...z.###
.#.###.##.# . ......#
###...###.# ##.#.....#
#.#.)...... ........#
.......>.... .. #######


You could see a wight.

Vanquished Creatures
  A water moccasin (D:4)
  An ice beast (D:7)
  2 ogres
  A kobold brigand (D:7)
  A bullfrog (D:7)
  3 scorpions
  3 wights (D:7)
  4 hounds
  A jelly (D:7)
  2 orc priests
  A gnoll bouda (D:5)
  3 iguanas
  2 orc wizards (D:6)
  6 gnolls
  16 adders
  2 white imps (D:6)
  A worm (D:2)
  14 orcs
  6 endoplasms
  4 giant cockroaches
  6 goblins
  9 hobgoblins
  6 jackals (D:3)
  2 quokkas
  6 ball pythons
  4 bats
  3 frilled lizards
  15 kobolds
  2 rats
127 creatures vanquished.

Vanquished Creatures (others)
  4 plants (D:2)
  11 withered plants (D:2)
15 creatures vanquished.

Grand Total: 142 creatures vanquished

Notes
Turn   | Place    | Note
-------+----------+-------------------------------------------
     0 | D:1      | BarneyGumball the Ghoul Gladiator began the quest for the
                  | Orb.
     0 | D:1      | Reached XP level 1. HP: 17/17 MP: 0/0
     1 | D:1      | Noticed an electric eel
   109 | D:1      | Reached XP level 2. HP: 20/24 MP: 1/1
   416 | D:1      | Reached skill level 4 in Unarmed Combat
   490 | D:1      | Reached skill level 1 in Armour
   627 | D:2      | Reached XP level 3. HP: 29/29 MP: 2/2
  1210 | D:2      | Found a faded altar of an unknown god.
  1348 | D:3      | Reached XP level 4. HP: 36/36 MP: 3/3
  1363 | D:3      | Found the macabre finger necklace {rN+}
  1625 | D:3      | Found an iron altar of Okawaru.
  1636 | D:3      | Reached skill level 5 in Unarmed Combat
  1875 | D:4      | Found a snail-covered altar of Cheibriados.
  1935 | D:4      | Reached XP level 5. HP: 41/41 MP: 4/4
  1990 | D:4      | Found a staircase to the Ecumenical Temple.
  2001 | Temple   | Entered the Ecumenical Temple
  2001 | Temple   | Found a transporter.
  2001 | Temple   | Found a transporter.
  2003 | Temple   | Found a transporter.
  2003 | Temple   | Found a transporter.
  2027 | Temple   | Became a worshipper of Makhleb the Destroyer
  2821 | D:5      | Entered Level 5 of the Dungeon
  2919 | D:5      | Noticed a water moccasin
  3054 | D:5      | Found Jaqaeth's Weapon Boutique.
  3076 | D:5      | Found a radiant altar of Vehumet.
  3090 | D:5      | Reached skill level 6 in Unarmed Combat
  3213 | D:5      | Noticed an acid dragon
  3398 | D:4      | Reached XP level 6. HP: 48/48 MP: 5/5
  3465 | D:4      | Reached skill level 1 in Invocations
  4398 | D:4      | Killed a water moccasin
  4399 | D:4      | Reached skill level 7 in Unarmed Combat
  4399 | D:4      | Reached XP level 7. HP: 41/55 MP: 7/7
  5204 | D:6      | Found a hide-covered altar of Uskayaw.
  5268 | D:6      | Reached * piety under Makhleb
  5379 | D:6      | Identified the amulet of Feamaq {Spirit Stlth+}
  5515 | D:6      | Reached skill level 8 in Unarmed Combat
  5515 | D:6      | Reached XP level 8. HP: 61/61 MP: 6/9
  5551 | D:6      | Found a shimmering blue altar of Sif Muna.
  5598 | D:6      | Found a stormy altar of Qazlal.
  6247 | D:7      | Reached skill level 9 in Unarmed Combat
  6415 | D:7      | HP: 1/61 [wight/+3 battleaxe of freezing (6)]
  6415 | D:7      | Slain by a wight

Illustrated notes

Levels and vault maps discovered:
D:1:      arrival_aquarium_a, layout_basic
D:2:      layout_basic, shapermc_ecumenical_altar_flowoftime
D:3:      layout_rooms, mainiacjoe_overflow_two_lobes, overflow_temple_1_default
D:4:      layout_basic, mainiacjoe_overflow_brackets, temple_statues
D:5:      layout_cave_pods, vehumet_altar_wand_db, serial_shops,
          nicolae_shop_crystal, st_stairs_14, grunt_ministairs_1
D:6:      layout_basic, kennysheep_mini, led_sif_pool,
          nicolae_qazlal_eye_of_the_storm
D:7:      layout_loops_ring, enter_ossuary_5
Temple:   hellmonk_temple_divided_pantheon

Skill      XL: |  1  2  3  4  5  6  7  8 |
---------------+-------------------------+-----
Unarmed Combat | 4 5 6 7 8 9 |  9.3
Armour         | 1 2 3 4 |  4.8
Invocations    | 2 3 4 |  4.8
Fighting       | |  2.1
Throwing       | |  1.7
Dodging        | |  2.6

Action                   |  1- 3 |  4- 6 |  7- 9 || total
-------------------------+-------+-------+-------++-------
Melee: Unarmed           |    85 |   206 |   160 ||   451
       Punch             |     2 |     5 |    14 ||    21
Throw: Throwing net      |       |     4 |     1 ||     5
       Javelin           |       |       |     2 ||     2
Evoke: Wand              |       |     2 |       ||     2
  Use: Scroll            |       |    10 |     1 ||    11
       Potion            |       |     1 |     1 ||     2
 Stab: Held in net/web   |       |       |     1 ||     1
Armor: Leather armour    |     4 |       |       ||     4
       Ring mail         |    14 |    49 |    36 ||    99
Dodge: Dodged            |    39 |   148 |    68 ||   255

Table legend: (Time is in decaauts)
 A = Elapsed time spent in this place.
 B = Non-inter-level travel time spent in this place.
 C = Inter-level travel time spent in this place.
 D = Time resting spent in this place.
 E = Time spent auto-exploring this place.
 F = Levels seen in this place.
 G = Mean time per level.
                   A        B        C        D        E       F      G
               +--------+--------+--------+--------+--------+-----+--------+
         Total |   6372 |   5953 |    419 |    917 |   3668 |   8 |  796.5 |
       Dungeon |   6332 |   5913 |    419 |    917 |   3668 |   7 |  904.6 |
        Temple |     39 |     39 |      0 |      0 |      0 |   1 |   39.0 |
               +--------+--------+--------+--------+--------+-----+--------+

Top non-repeatable levels by time:
     D:4: 1772 daAuts
     D:5: 1227 daAuts
     D:6: 1138 daAuts
     D:2: 722 daAuts
     D:1: 613 daAuts
     D:3: 525 daAuts
     D:7: 332 daAuts
  Temple: 39 daAuts
